 Dungeon Crawl Stone Soup version 0.31-a0-774-g0d66cbabe8 (webtiles) character file.

Game seed: 7682241017896671727

119 Psyclone the Stinger (level 5, -2/31 HPs)
             Began as an Octopode Venom Mage on Sept 17, 2023.
             Killed from afar by an orc wizard (5 damage)
             ... with a magic dart
             ... on level 3 of the Dungeon.
             The game lasted 00:04:16 (1835 turns).

Psyclone the Stinger (Octopode Venom Mage)          Turns: 1835, Time: 00:04:16

Health: -2/31      AC:  1    Str:  7    XL:     5   Next: 3%
Magic:  4/8        EV: 13    Int: 19    God:
Gold:   118        SH:  0    Dex: 13    Spells: 5/8 levels left

rFire   x . .        a - +2 dagger (elec)
rCold   + . .        (no shield)
rNeg    . . .        (helmet restricted)
rPois   +            (no amulet)
rElec   .            d - ring of ice
rCorr   .            f - ring of poison resistance
SInv    .            (no ring)
Will    .....        (no ring)
Stlth   +++          (no ring)
HPRegen 0.25/turn    (no ring)
MPRegen 0.11/turn    (no ring)
                     (no ring)

%: no passive effects
@: no status effects
A: almost no armour, amphibious, 8 rings, camouflage 1, gelatinous body 1,
(nimble swimmer 1), tentacles
a: no special abilities


You were on level 3 of the Dungeon.
You visited 1 branch of the dungeon, and saw 3 of its levels.

You collected 118 gold pieces.

Inventory:

Hand Weapons
 a - a +2 dagger of electrocution (weapon)
Jewellery
 d - a ring of ice (left tentacle)
 f - a ring of poison resistance (right tentacle)
 h - an amulet of guardian spirit
Scrolls
 b - a scroll of torment {unknown}
 e - 3 scrolls of identify {@r1}
 i - 3 scrolls of teleportation {unknown}
 j - a scroll of silence {unknown}
 k - a scroll of amnesia {unknown}
Potions
 c - a potion of magic
 g - a potion of curing


   Skills:
 - Level 2.0 Dodging
 - Level 2.6 Stealth
 - Level 2.0 Spellcasting
 - Level 1.0 Transmutations
 + Level 6.7 Poison Magic


You had 5 spell levels left.
You knew the following spells:

 Your Spells              Type           Power      Damage    Failure   Level
a - Poisonous Vapours     Pois/Air       28%        N/A       6%          2
b - Sting                 Tmut/Pois      64%        1d6       3%          1

Your spell library contained the following spells:

 Spells                   Type           Power      Damage    Failure   Level
 Cigotuvi's Dreadful Rot  Necr/Pois/Air  20%        N/A       11%         2
 Olgreb's Toxic Radiance  Pois           27%        N/A       11%         4
 Mephitic Cloud           Conj/Pois/Air  10%        N/A       21%         3
 Ensorcelled Hibernation  Hex/Ice        4%         N/A       26%         2
 Jinxbite                 Hex            2%         N/A       26%         2
 Anguish                  Hex/Necr       0%         N/A       86%         4
 Dispel Undead            Necr           1%         3d6       86%         4
 Death Channel            Necr           0%         N/A       100%        6
 Haunt                    Necr/Summ      0%         N/A       100%        7
 Borgnjor's Revivificati  Necr           0%         N/A       100%        8
 Death's Door             Necr           0%         N/A       100%        9


Dungeon Overview and Level Annotations

Branches:
Dungeon (3/15) Zot: 16165

Altars:


Innate Abilities, Weirdness & Mutations

You cannot wear most types of armour.
You are amphibious.
You can wear up to eight rings at the same time.
Your skin changes colour to match your surroundings (Stealth+).
Your rubbery body absorbs attacks. (AC +1, EV +1)
((You are camouflaged when in or above water. (Stealth+)))
You have tentacles for arms and can constrict up to eight enemies at once.


Message History

The rat bites you.
You take 2 damage, and have 22/31 hp.
You hit the rat.
You kill the rat!
You hit the orc but do no damage. Lightning courses through the orc!
You kill the orc!
Something hits you.
You take 2 damage, and have 21/31 hp.
You completely miss something. You squeeze something! Something hits you.
You take 4 damage, and have 17/31 hp.
You miss something. Your squeeze misses something. Something hits you.
You take 3 damage, and have 14/31 hp.
Casting: Poisonous Vapours (safe; 6% risk of failure)
Confirm with . or Enter, or press ? or * to list all spells.
Aiming: Poisonous Vapours (safe; 6% risk of failure)
Press: ? - help, Dir - move target Poisonous vapours surround something!
You hear some strange, mumbled words.
A puff of flame appears from out of thin air!
The puff of flame hits you! The fire burns you terribly!
* * * LOW HITPOINT WARNING * * *
You take 9 damage, and have 5/31 hp.
MASSIVE DAMAGE!!
You now have 6/8 mp.
Casting: Poisonous Vapours (safe; 6% risk of failure)
Confirm with . or Enter, or press ? or * to list all spells.
Aiming: Poisonous Vapours (safe; 6% risk of failure)
Press: ? - help, Dir - move target Poisonous vapours surround something!
Something hits you.
* * * LOW HITPOINT WARNING * * *
You take 4 damage, and have 1/31 hp.
You now have 4/8 mp.
You feel better. Something hits you.
* * * LOW HITPOINT WARNING * * *
You regained 5 hp, and now have 6/31 hp.
You barely miss something. Your squeeze misses something. Something hits you.
* * * LOW HITPOINT WARNING * * *
You take 4 damage, and have 2/31 hp.
You miss something.
You hear some strange, mumbled words.
A magic dart appears from out of thin air!
The magic dart hits you.
You die...

# #. .<.. #.. ######.### ...
#..## #........# ... ##....
#†# .#.# .. ##.....##
#.####.#.# #####
#.$.....###)##.#.#.# #....
.........##.#....#.#####.##.
.....=...){@................
.........##.#...##.####.###.
#.......###........# #.# #.
##.....## ##.##.##†# #.###.
##...# #.##.##.# #..... ##+#
#.......# ##.... ####.####
##.## #.# #.# #.# #.#


There were no monsters in sight!

Vanquished Creatures
  Jessica (D:2)
  Terence (D:2)
  3 adders
  A dart slug (D:3)
  2 orcs (D:3)
  4 ball pythons
  5 bats
  2 endoplasms
  3 giant cockroaches
  4 goblins
  3 hobgoblins
  A quokka (D:2)
  2 frilled lizards
  3 kobolds
  3 rats
38 creatures vanquished.

Notes
Turn   | Place    | Note
-------+----------+-------------------------------------------
     0 | D:1      | Psyclone the Octopode Venom Mage began the quest for the
                  | Orb.
     0 | D:1      | Reached XP level 1. HP: 11/11 MP: 3/3
   229 | D:1      | Reached skill level 4 in Poison Magic
   427 | D:1      | Reached XP level 2. HP: 17/17 MP: 5/5
   787 | D:2      | Reached XP level 3. HP: 10/21 MP: 3/6
   843 | D:2      | Reached skill level 5 in Poison Magic
  1128 | D:2      | Noticed Terence
  1140 | D:2      | Killed Terence
  1141 | D:2      | Reached XP level 4. HP: 16/27 MP: 1/7
  1324 | D:2      | Noticed Jessica
  1335 | D:2      | Killed Jessica
  1336 | D:2      | Reached skill level 6 in Poison Magic
  1448 | D:2      | Learned a level 2 spell: Poisonous Vapours
  1823 | D:3      | Reached XP level 5. HP: 23/31 MP: 8/8
  1832 | D:3      | HP: 1/31 [something (4)]
  1835 | D:3      | Killed from afar by an orc wizard

Illustrated notes

Levels and vault maps discovered:
D:1:      tarquinn_simple_flora_water_b, layout_loops_ring, minmay_door_square
D:2:      layout_basic, uniq_terence, uniq_jessica
D:3:      layout_loops_corners, shapermc_ecumenical_altar_petra, uniq_ijyb

Skill      XL: |  1  2  3  4 |
---------------+-------------+-----
Poison Magic   | 4 5 6 |  6.7
Dodging        | |  2.0
Stealth        | |  2.6
Spellcasting   | |  2.0
Transmutations | |  1.0

Action                     |  1- 3 |  4- 6 || total
---------------------------+-------+-------++-------
  Melee: Unarmed           |     8 |       ||     8
         Dagger            |    43 |    25 ||    68
         Constrict         |    14 |     3 ||    17
         Tentacles         |    12 |     3 ||    15
         Punch             |     3 |       ||     3
   Cast: Sting             |    14 |     6 ||    20
         Poisonous Vapours |       |     3 ||     3
    Use: Scroll            |     2 |       ||     2
         Potion            |       |     1 ||     1
   Stab: Sleeping          |     6 |     3 ||     9
 Armour: Skin              |    18 |    17 ||    35
  Dodge: Dodged            |    43 |    12 ||    55

Table legend: (Time is in decaauts)
 A = Elapsed time spent in this place.
 B = Non-inter-level travel time spent in this place.
 C = Inter-level travel time spent in this place.
 D = Time resting spent in this place.
 E = Time spent auto-exploring this place.
 F = Levels seen in this place.
 G = Mean time per level.
                   A        B        C        D        E       F      G
               +--------+--------+--------+--------+--------+-----+--------+
         Total |   1833 |   1738 |     95 |      0 |   1432 |   3 |  611.0 |
       Dungeon |   1833 |   1738 |     95 |      0 |   1432 |   3 |  611.0 |
               +--------+--------+--------+--------+--------+-----+--------+

Top non-repeatable levels by time:
     D:1: 777 daAuts
     D:2: 733 daAuts
     D:3: 322 daAuts
